[Event "FIDE Online Quarter final-2020"]
[Site "Online"]
[Date "2020.08.28"]
[Round "4.1"]
[White "Mammadzada, Gunay"]
[Black "Socko, Monika"]
[Result "1/2-1/2"]
[ECO "B19"]
[WhiteElo "2424"]
[BlackElo "2381"]
[Annotator "ChessBase"]
[PlyCount "80"]
[EventDate "2020.08.28"]
[EventType "k.o."]
[SourceTitle "playchess.com"]
[Source "ChessBase"]
[SourceQuality "1"]
[TimeControl "900+5"]

1. e4 c6 2. d4 d5 3. Nc3 dxe4 4. Nxe4 Bf5 5. Ng3 Bg6 6. h4 h6 7. Nf3 Nd7 8. Bd3 Bxd3 9. Qxd3 Ngf6 10. Bf4 e6 11. O-O-O a5 12. Qe2 a4 13. a3 Be7 14. Ne5 O-O 15. Rh3 Qa5 16. c4 Rad8 17. Ne4 Nxe4 18. Qxe4 Bd6 19. Rhd3 Bxe5 20. Bxe5 Nxe5 21. Qxe5 Qa6 22. Rg3 Qxc4+ 23. Kb1 g6 24. h5 Qd5 25. Qxd5 Rxd5 26. hxg6 Rfd8 27. Rh1 h5 28. gxf7+ Kxf7 29. Rh4 Rf5 30. f3 b5 31. Rgh3 Kg6 32. Re4 Rd6 33. Rg3+ Rg5 34. Rxg5+ Kxg5 35. Kc2 Kf6 36. Kc3 Rd5 37. Re2 Kf5 38. Re4 Kf6 39. Re1 Kf5 40. Re4 Kf6 1/2-1/2

[Event "FIDE Online Quarter final-2020"]
[Site "Online"]
[Date "2020.08.28"]
[Round "4.1"]
[White "Zhukova, Natalia"]
[Black "Zatonskih, Anna"]
[Result "1/2-1/2"]
[ECO "D57"]
[WhiteElo "2346"]
[BlackElo "2407"]
[Annotator "ChessBase"]
[PlyCount "54"]
[EventDate "2020.08.28"]
[EventType "k.o."]
[SourceTitle "playchess.com"]
[Source "ChessBase"]
[SourceQuality "1"]
[TimeControl "900+5"]

1. d4 d5 2. Nf3 Nf6 3. c4 e6 4. Nc3 Be7 5. Bg5 h6 6. Bh4 O-O 7. e3 Ne4 8. Bxe7 Qxe7 9. cxd5 Nxc3 10. bxc3 exd5 11. Bd3 Rd8 12. O-O Nc6 13. Re1 Bg4 14. e4 dxe4 15. Bxe4 Qd6 16. Rb1 Rab8 17. Qc2 Bxf3 18. Bxf3 b6 19. Qf5 Ne7 20. Qb5 c6 21. Qa6 Qc7 22. Qc4 Nd5 23. Re5 Qd7 24. Rbe1 Re8 25. g3 Rxe5 26. Rxe5 Rd8 27. Kg2 Qd6 1/2-1/2

[Event "FIDE Online Quarter final-2020"]
[Site "Online"]
[Date "2020.08.28"]
[Round "4.1"]
[White "Asadli, Vugar"]
[Black "Gumularz, Szymon"]
[Result "1/2-1/2"]
[ECO "C55"]
[WhiteElo "2336"]
[BlackElo "2540"]
[Annotator "ChessBase"]
[PlyCount "84"]
[EventDate "2020.08.28"]
[EventType "k.o."]
[SourceTitle "playchess.com"]
[Source "ChessBase"]
[SourceQuality "1"]
[TimeControl "900+5"]

1. e4 e5 2. Nf3 Nc6 3. Nc3 Nf6 4. a3 d6 5. Bc4 Be7 6. d3 O-O 7. h3 a6 8. O-O b5 9. Ba2 Bb7 10. Nd5 Nxd5 11. Bxd5 Bf6 12. c3 Qc8 13. Nh2 Nd8 14. Ng4 Be7 15. f4 Bxd5 16. exd5 f5 17. Ne3 Nf7 18. fxe5 Nxe5 19. Nc2 Qb7 20. d4 Nc4 21. Nb4 Rae8 22. b3 Nb6 23. Qf3 a5 24. Nc6 a4 25. bxa4 bxa4 26. Re1 Bf6 27. Rxe8 Rxe8 28. Qxf5 Qa6 29. Bg5 Bxg5 30. Qxg5 Qe2 31. Qf5 Qe3+ 32. Kh1 Qe4 33. Qf1 Qxd5 34. Nb4 Qf7 35. Qb5 Rf8 36. d5 Qf2 37. Qc6 Qc5 38. Re1 Qf2 39. Rg1 Qc5 40. Re1 Qf2 41. Re4 Qf5 42. Re1 Qf2 1/2-1/2

[Event "FIDE Online Quarter final-2020"]
[Site "Online"]
[Date "2020.08.28"]
[Round "4.1"]
[White "Yip, Carissa"]
[Black "Osmak, Iulija"]
[Result "1-0"]
[ECO "C07"]
[WhiteElo "2292"]
[BlackElo "2310"]
[Annotator "ChessBase"]
[PlyCount "99"]
[EventDate "2020.08.28"]
[EventType "k.o."]
[SourceTitle "playchess.com"]
[Source "ChessBase"]
[SourceQuality "1"]
[TimeControl "900+5"]

1. e4 e6 2. d4 d5 3. Nd2 c5 4. exd5 Qxd5 5. Ngf3 cxd4 6. Bc4 Qd7 7. O-O Nc6 8. Nb3 a6 9. Nbxd4 Nxd4 10. Nxd4 Nf6 11. Re1 b5 12. Be2 Bb7 13. Bf3 Rd8 14. c3 Be7 15. Bxb7 Qxb7 16. Qb3 O-O 17. Bf4 Nd5 18. Be5 Rd7 19. a4 b4 20. c4 Nf4 21. Bxf4 Rxd4 22. Be3 Rg4 23. g3 Rc8 24. Rac1 h5 25. c5 h4 26. Qd3 b3 27. a5 Bf6 28. Qe2 Rb4 29. Red1 h3 30. f3 Rc6 31. Qf1 Qc8 32. Rd2 e5 33. Rcd1 e4 34. fxe4 Rxe4 35. Qf3 Re8 36. Bf2 Be7 37. Rd7 Rf6 38. Qd5 Bf8 39. Bd4 Rfe6 40. Rf1 R8e7 41. Rd8 Qc7 42. Qa8 Re8 43. Rxe8 Rxe8 44. Qxe8 Qb7 45. c6 Qb4 46. Qxf7+ Kh7 47. Qf5+ Kg8 48. Qxf8+ Qxf8 49. Rxf8+ Kxf8 50. c7 1-0

[Event "FIDE Online Quarter final-2020"]
[Site "Online"]
[Date "2020.08.28"]
[Round "4.1"]
[White "Cyfka, Karina"]
[Black "Mammadova, Gulnar"]
[Result "1-0"]
[ECO "A41"]
[WhiteElo "2257"]
[BlackElo "2317"]
[Annotator "ChessBase"]
[PlyCount "97"]
[EventDate "2020.08.28"]
[EventType "k.o."]
[SourceTitle "playchess.com"]
[Source "ChessBase"]
[SourceQuality "1"]
[TimeControl "900+5"]

1. d4 g6 2. Nf3 Bg7 3. c4 d6 4. g3 Nd7 5. Bg2 e5 6. O-O Ne7 7. Nc3 O-O 8. d5 h6 9. e4 f5 10. exf5 gxf5 11. Ne1 Nf6 12. f4 e4 13. Nc2 c5 14. dxc6 bxc6 15. Be3 Ba6 16. b3 d5 17. Nb4 Bb7 18. c5 a5 19. Nc2 Ba6 20. Re1 Bd3 21. Bd4 Bxc2 22. Qxc2 Ng4 23. Ne2 Qd7 24. a3 Ng6 25. Bh3 h5 26. Rab1 Rae8 27. Qc3 Bh6 28. Ra1 h4 29. Qxa5 hxg3 30. hxg3 Qh7 31. Kg2 e3 32. Bxg4 fxg4 33. Rh1 Nxf4+ 34. gxf4 Qe4+ 35. Kg1 Re6 36. Rf1 g3 37. Rh3 Rg6 38. Qc7 Rf7 39. Qe5 Qxe5 40. Bxe5 g2 41. Rb1 Bg7 42. Bxg7 Rfxg7 43. Rxe3 Rh6 44. Kf2 Rh1 45. Rg1 Rh2 46. Rg3 Kf7 47. Rxg7+ Kxg7 48. Rxg2+ Rxg2+ 49. Kxg2 1-0

[Event "FIDE Online Quarter final-2020"]
[Site "Online"]
[Date "2020.08.28"]
[Round "4.1"]
[White "Berdnyk, Mariia"]
[Black "Wang, Annie"]
[Result "0-1"]
[ECO "E04"]
[WhiteElo "2232"]
[BlackElo "2271"]
[Annotator "ChessBase"]
[PlyCount "150"]
[EventDate "2020.08.28"]
[EventType "k.o."]
[SourceTitle "playchess.com"]
[Source "ChessBase"]
[SourceQuality "1"]
[TimeControl "900+5"]

1. d4 Nf6 2. c4 e6 3. g3 d5 4. Nf3 dxc4 5. Bg2 a6 6. O-O Nc6 7. e3 Bd7 8. Qe2 Bd6 9. Qxc4 O-O 10. Rd1 Qe7 11. Nc3 h6 12. Qe2 e5 13. dxe5 Bxe5 14. Nxe5 Qxe5 15. Bd2 Rad8 16. Be1 Rfe8 17. h3 Qe6 18. Nd5 Nxd5 19. Rxd5 Ne7 20. Rdd1 Bc6 21. Bc3 Bxg2 22. Kxg2 Nd5 23. Bd4 c5 24. Bc3 b5 25. Ba5 Rd7 26. Qf3 Nf6 27. Rxd7 Nxd7 28. Rd1 Ne5 29. Qd5 Nc4 30. Bc3 b4 31. Qxe6 Rxe6 32. b3 bxc3 33. bxc4 Re4 34. Rc1 Rxc4 35. Kf3 Kf8 36. Ke2 Ke7 37. Kd3 Ra4 38. Rxc3 Rxa2 39. f4 Kd6 40. e4 a5 41. g4 Kc6 42. f5 f6 43. Rb3 a4 44. Rb8 a3 45. Rg8 Ra1 46. Kc2 Rh1 47. Ra8 Rxh3 48. Rg8 Rh1 49. Kb3 Rh3+ 50. Ka2 Kd6 51. Rxg7 Ke5 52. Re7+ Kd4 53. e5 fxe5 54. f6 Rf3 55. f7 c4 56. Rd7+ Ke4 57. Rc7 Kd5 58. Rb7 Kc6 59. Re7 Kd6 60. Rb7 Ke6 61. Rc7 Rxf7 62. Rxc4 Kd5 63. Rc3 Rf4 64. Rh3 Rxg4 65. Rxh6 Ra4 66. Rh8 Kd4 67. Rd8+ Ke3 68. Re8 e4 69. Re7 Kd2 70. Rd7+ Ke2 71. Re7 e3 72. Re8 Kd2 73. Rd8+ Ke1 74. Re8 e2 75. Re7 Kf2 0-1

[Event "FIDE Online Quarter final-2020"]
[Site "Online"]
[Date "2020.08.28"]
[Round "4.1"]
[White "Sliwicka, Alicja"]
[Black "Balajayeva, Khanim"]
[Result "0-1"]
[ECO "C47"]
[WhiteElo "2134"]
[BlackElo "2268"]
[Annotator "ChessBase"]
[PlyCount "66"]
[EventDate "2020.08.28"]
[EventType "k.o."]
[SourceTitle "playchess.com"]
[Source "ChessBase"]
[SourceQuality "1"]
[TimeControl "900+5"]

1. e4 e5 2. d4 exd4 3. Nf3 Nc6 4. Nxd4 Nf6 5. Nc3 Bc5 6. Nxc6 bxc6 7. Bd3 O-O 8. O-O d6 9. Bg5 h6 10. Bh4 Bd4 11. Na4 a5 12. c3 Ba7 13. Qf3 g5 14. e5 dxe5 15. Bg3 Bg4 16. Qxc6 Bd7 17. Qc4 Bxa4 18. Bxe5 Bd7 19. Rad1 Be6 20. Qa4 Qe7 21. Rfe1 Rfd8 22. Qc2 Rd7 23. h3 Rad8 24. Qe2 Rd5 25. Qf3 Ne8 26. Bg3 Qf6 27. Qe2 Ng7 28. Bxc7 Rxd3 29. Rxd3 Rxd3 30. Be5 Qf5 31. Rf1 Rd5 32. Bg3 Qd3 33. Qe1 Qxg3 0-1

[Event "FIDE Online Quarter final-2020"]
[Site "Online"]
[Date "2020.08.29"]
[Round "4.2"]
[White "Duda, Jan-Krzysztof"]
[Black "Radjabov, Teimour"]
[Result "1/2-1/2"]
[ECO "E49"]
[WhiteElo "2940"]
[BlackElo "2835"]
[Annotator "RC"]
[PlyCount "53"]
[EventDate "2020.08.28"]
[EventType "k.o."]
[SourceTitle "playchess.com"]
[Source "ChessBase"]
[SourceQuality "1"]
[TimeControl "900+5"]

1. d4 Nf6 2. c4 e6 3. Nc3 Bb4 4. e3 d5 5. a3 Bxc3+ 6. bxc3 O-O 7. cxd5 exd5 8. Bd3 Re8 9. Ne2 c5 10. O-O b6 11. dxc5 bxc5 12. c4 Ba6 13. cxd5 Bxd3 14. Qxd3 Qxd5 15. Qxd5 Nxd5 16. Ra2 Nb6 17. Rc2 Na6 18. f3 Rad8 19. e4 Rd3 20. Nf4 Rb3 21. Rd1 Rc8 22. Kf2 f6 23. h4 c4 24. Ne6 Nc5 25. Nxc5 Rxc5 26. Be3 Rc7 27. Rdc1 1/2-1/2

[Event "FIDE Online Quarter final-2020"]
[Site "Online"]
[Date "2020.08.29"]
[Round "4.2"]
[White "Shankland, Sam"]
[Black "Shtembuliak, Evgeny"]
[Result "1-0"]
[ECO "A42"]
[WhiteElo "2757"]
[BlackElo "2478"]
[Annotator "ChessBase"]
[PlyCount "73"]
[EventDate "2020.08.28"]
[EventType "k.o."]
[SourceTitle "playchess.com"]
[Source "ChessBase"]
[SourceQuality "1"]
[TimeControl "900+5"]

1. d4 g6 2. e4 d6 3. c4 Bg7 4. Nc3 e5 5. Nf3 Nc6 6. dxe5 dxe5 7. Qxd8+ Kxd8 8. Be3 Bg4 9. Ng5 Ke8 10. Nb5 h6 11. Nf3 Kd8 12. O-O-O+ Kc8 13. Be2 Nf6 14. h3 Bxf3 15. Bxf3 h5 16. g4 a6 17. Nc3 Nd4 18. Bg2 hxg4 19. hxg4 Rxh1 20. Rxh1 c6 21. f4 Ne6 22. f5 Nxg4 23. fxe6 Nxe3 24. Rh7 Bf8 25. Rxf7 Bh6 26. Bh3 Kb8 27. e7 Ka7 28. Bd7 Nxc4+ 29. Kc2 Nd6 30. Rf6 Ne8 31. Rxg6 Be3 32. Rg8 Nf6 33. Rf8 Bg5 34. Na4 Rb8 35. Nb6 Bh4 36. Nc8+ Ka8 37. Rxf6 1-0

[Event "FIDE Online Quarter final-2020"]
[Site "Online"]
[Date "2020.08.29"]
[Round "4.2"]
[White "Korobov, Anton"]
[Black "So, Wesley"]
[Result "0-1"]
[ECO "D05"]
[WhiteElo "2736"]
[BlackElo "2754"]
[Annotator "ChessBase"]
[PlyCount "108"]
[EventDate "2020.08.28"]
[EventType "k.o."]
[SourceTitle "playchess.com"]
[Source "ChessBase"]
[SourceQuality "1"]
[TimeControl "900+5"]

1. d4 Nf6 2. Nf3 d5 3. e3 e6 4. Bd3 c5 5. b3 b6 6. O-O Bb7 7. Bb2 Be7 8. Nbd2 O-O 9. Ne5 Nbd7 10. Qe2 Rc8 11. Rad1 Qc7 12. f4 g6 13. Ndf3 cxd4 14. exd4 Ne4 15. Nxd7 Qxd7 16. Ne5 Qc7 17. Bxe4 dxe4 18. c4 Rfd8 19. a4 a6 20. Qe1 b5 21. Bc3 Qd6 22. axb5 axb5 23. c5 Qd5 24. Ng4 f5 25. Ne3 Qxb3 26. Rf2 Ra8 27. Rb2 Qa4 28. g4 fxg4 29. Rb4 Qa6 30. Nxg4 Qc6 31. Qe3 Bxc5 32. Rbb1 Be7 33. Bb4 Bxb4 34. Rxb4 Ra2 35. Rc1 Rc2 36. Rbb1 Rc8 37. Rxc2 Qxc2 38. Qb3 Qxb3 39. Rxb3 Rc1+ 40. Kf2 Rc2+ 41. Kg3 Bc6 42. Ne5 Be8 43. Ra3 Rd2 44. Ra7 Rxd4 45. Ng4 Kf8 46. Nf6 Bc6 47. Nxh7+ Ke8 48. Ng5 Bd5 49. Nf7 b4 50. Nd6+ Kd8 51. Nf7+ Kc8 52. Nd6+ Kb8 53. Ra5 b3 54. Rb5+ Kc7 0-1

[Event "FIDE Online Quarter final-2020"]
[Site "Online"]
[Date "2020.08.29"]
[Round "4.2"]
[White "Shevchenko, Kirill"]
[Black "Xiong, Jeffery"]
[Result "1/2-1/2"]
[ECO "C67"]
[WhiteElo "2728"]
[BlackElo "2710"]
[Annotator "ChessBase"]
[PlyCount "95"]
[EventDate "2020.08.28"]
[EventType "k.o."]
[SourceTitle "playchess.com"]
[Source "ChessBase"]
[SourceQuality "1"]
[TimeControl "900+5"]

1. e4 e5 2. Nf3 Nc6 3. Bb5 Nf6 4. O-O Nxe4 5. d4 Nd6 6. Bxc6 dxc6 7. dxe5 Nf5 8. Qxd8+ Kxd8 9. Nc3 Bd7 10. h3 h6 11. b3 Kc8 12. Bb2 b6 13. Rad1 Ne7 14. Rfe1 c5 15. Ne2 Be6 16. Nf4 Kb7 17. c4 Nc6 18. Rd2 Be7 19. g4 g5 20. Nxe6 fxe6 21. Kg2 Raf8 22. Nh2 Bd8 23. Nf1 Ne7 24. Ng3 Ng6 25. Red1 Be7 26. Rd7 Rh7 27. Ne4 Rhf7 28. Nd6+ Bxd6 29. Rxf7 Rxf7 30. exd6 Rd7 31. Bg7 Nf4+ 32. Kh2 h5 33. gxh5 Nxh5 34. Be5 Nf4 35. Bxf4 gxf4 36. Kg2 cxd6 37. h4 Kc6 38. Kf3 b5 39. Kxf4 bxc4 40. bxc4 Rf7+ 41. Kg5 Rxf2 42. Rh1 Kd7 43. h5 Ke7 44. h6 Rg2+ 45. Kf4 Rf2+ 46. Kg5 Rg2+ 47. Kf4 Rf2+ 48. Kg5 1/2-1/2

[Event "FIDE Online Quarter final-2020"]
[Site "Online"]
[Date "2020.08.29"]
[Round "4.2"]
[White "Gumularz, Szymon"]
[Black "Asadli, Vugar"]
[Result "0-1"]
[ECO "A42"]
[WhiteElo "2442"]
[BlackElo "2350"]
[Annotator "ChessBase"]
[PlyCount "42"]
[EventDate "2020.08.28"]
[EventType "k.o."]
[SourceTitle "playchess.com"]
[Source "ChessBase"]
[SourceQuality "1"]
[TimeControl "900+5"]

1. d4 d6 2. e4 g6 3. c4 Bg7 4. Nc3 Nc6 5. Be3 e5 6. d5 Nce7 7. g4 f5 8. gxf5 gxf5 9. Qh5+ Kf8 10. Bh3 Nf6 11. Qf3 f4 12. Bd2 Ng6 13. Bxc8 Qxc8 14. h4 h5 15. O-O-O a6 16. Qd3 Rg8 17. Nf3 c5 18. Ng5 Ke7 19. Rdg1 Bh6 20. Rg2 Qd7 21. Rhg1 Nxh4 0-1

[Event "FIDE Online Quarter final-2020"]
[Site "Online"]
[Date "2020.08.28"]
[Round "4.2"]
[White "Socko, Monika"]
[Black "Mammadzada, Gunay"]
[Result "0-1"]
[ECO "D11"]
[WhiteElo "2353"]
[BlackElo "2465"]
[Annotator "ChessBase"]
[PlyCount "130"]
[EventDate "2020.08.28"]
[EventType "k.o."]
[SourceTitle "playchess.com"]
[Source "ChessBase"]
[SourceQuality "1"]
[TimeControl "900+5"]

1. d4 d5 2. c4 c6 3. Nf3 Nf6 4. Nbd2 Bf5 5. Nh4 Be4 6. e3 e6 7. Be2 h6 8. O-O Bh7 9. Nhf3 Nbd7 10. c5 Qc7 11. b4 Be7 12. Bb2 O-O 13. a4 b6 14. Nb3 bxc5 15. dxc5 Rab8 16. b5 Nxc5 17. Be5 Bd6 18. Nxc5 Bxe5 19. Na6 Qd6 20. Nxe5 Qxe5 21. Nxb8 Rxb8 22. bxc6 Ne4 23. Qd4 Qc7 24. Rab1 Rc8 25. Ba6 Rd8 26. Rfc1 e5 27. Qb4 Nd6 28. Rb2 Bf5 29. Qc5 Be6 30. Bb7 Nc4 31. Rb5 e4 32. Qxa7 d4 33. exd4 Qf4 34. Rbb1 e3 35. c7 exf2+ 36. Kh1 Qxc7 37. d5 Bxd5 38. Qxf2 Bxb7 39. a5 Rc8 40. h3 Ba6 41. Rb6 Bb7 42. Rxc4 Qxc4 43. Rxb7 Ra8 44. Qb6 Qf1+ 45. Kh2 Qf4+ 46. Kh1 Qf1+ 47. Kh2 Qf4+ 48. Kh1 Rc8 49. Qg1 Rc1 50. a6 Rxg1+ 51. Kxg1 Qd4+ 52. Kh1 Qa1+ 53. Kh2 Qxa6 54. Rb8+ Kh7 55. Re8 Qd6+ 56. Kh1 f5 57. Re1 g5 58. Rb1 Kg6 59. Kg1 f4 60. Rf1 h5 61. Kh1 g4 62. Kh2 f3+ 63. Kh1 Qd2 64. gxf3 g3 65. Rg1 Qh2# 0-1

[Event "FIDE Online Quarter final-2020"]
[Site "Online"]
[Date "2020.08.29"]
[Round "4.2"]
[White "Fataliyeva, Ulviyya"]
[Black "Cyfka, Karina"]
[Result "1-0"]
[ECO "A46"]
[WhiteElo "2337"]
[BlackElo "2232"]
[Annotator "ChessBase"]
[PlyCount "135"]
[EventDate "2020.08.28"]
[EventType "k.o."]
[SourceTitle "playchess.com"]
[Source "ChessBase"]
[SourceQuality "1"]
[TimeControl "900+5"]

1. d4 Nf6 2. Bg5 e6 3. e4 h6 4. Bxf6 Qxf6 5. Nf3 Nc6 6. c3 b6 7. Nbd2 Bb7 8. Bd3 g5 9. h3 Bg7 10. Qe2 Qe7 11. Ba6 Bxa6 12. Qxa6 O-O 13. O-O-O Rab8 14. Qd3 b5 15. g4 b4 16. c4 b3 17. a3 a5 18. h4 gxh4 19. e5 f6 20. Nxh4 Qf7 21. f4 d6 22. d5 Ne7 23. f5 exd5 24. e6 Qe8 25. cxd5 Rb5 26. Ne4 Rxd5 27. Qxb3 Re5 28. Nc3 Kh7 29. Kb1 Qa8 30. Rh3 Rb8 31. Qc2 Kg8 32. Rhd3 Qb7 33. Qd2 Qc6 34. Nf3 Rc5 35. Nd4 Qb7 36. Rc1 Rc4 37. Nce2 Rxc1+ 38. Nxc1 a4 39. Qe2 Kh7 40. Rd2 Nd5 41. Qd3 Kg8 42. Nce2 Nb6 43. Ng3 Qd5 44. Nf3 Qxd3+ 45. Rxd3 Nc4 46. Rc3 d5 47. Kc1 Bf8 48. Nh5 Be7 49. Nd4 Rb6 50. Nf4 c6 51. Ng6 Bc5 52. Nc2 Nxb2 53. Rh3 d4 54. e7 Kf7 55. Rxh6 Bxe7 56. Rh7+ Kg8 57. Rxe7 d3 58. Nb4 Nc4 59. Nxd3 Nxa3 60. Ra7 Rb1+ 61. Kd2 Nc4+ 62. Kc3 Nb6 63. Ndf4 Rb3+ 64. Kc2 Rg3 65. Ne6 Rg2+ 66. Kd3 Rg3+ 67. Ke2 Rxg4 68. Rg7# 1-0

[Event "FIDE Online Quarter final-2020"]
[Site "Online"]
[Date "2020.08.29"]
[Round "4.2"]
[White "Osmak, Iulija"]
[Black "Zatonskih, Anna"]
[Result "1/2-1/2"]
[ECO "D02"]
[WhiteElo "2317"]
[BlackElo "2396"]
[Annotator "ChessBase"]
[PlyCount "52"]
[EventDate "2020.08.28"]
[EventType "k.o."]
[SourceTitle "playchess.com"]
[Source "ChessBase"]
[SourceQuality "1"]
[TimeControl "900+5"]

1. d4 d5 2. Bf4 Nf6 3. e3 e6 4. Nd2 Bd6 5. Ngf3 Bxf4 6. exf4 O-O 7. Bd3 b6 8. Qe2 a5 9. O-O Ba6 10. Bxa6 Nxa6 11. c3 Qd6 12. Ne5 c5 13. Rac1 Rfc8 14. Ndf3 Ne4 15. g3 h6 16. Rfd1 cxd4 17. cxd4 Nb4 18. a3 Nc6 19. Qb5 Nxe5 20. Nxe5 Rc7 21. Nd3 Rac8 22. Rxc7 Rxc7 23. Qe8+ Qf8 24. Qb5 Qd6 25. Qe8+ Qf8 26. Qb5 Qd6 1/2-1/2

[Event "FIDE Online Quarter final-2020"]
[Site "Online"]
[Date "2020.08.29"]
[Round "4.2"]
[White "Wang, Annie"]
[Black "Shpanko, Nadiia"]
[Result "1-0"]
[ECO "D38"]
[WhiteElo "2287"]
[BlackElo "2183"]
[Annotator "ChessBase"]
[PlyCount "107"]
[EventDate "2020.08.28"]
[EventType "k.o."]
[SourceTitle "playchess.com"]
[Source "ChessBase"]
[SourceQuality "1"]
[TimeControl "900+5"]

1. d4 Nf6 2. c4 e6 3. Nf3 d5 4. Nc3 Bb4 5. Bg5 h6 6. Bxf6 Qxf6 7. e3 O-O 8. Rc1 c6 9. Be2 Nd7 10. O-O dxc4 11. Bxc4 e5 12. Ne4 Qg6 13. Bd3 exd4 14. Nxd4 Ne5 15. Bb1 Qg4 16. Qxg4 Bxg4 17. h3 Bd7 18. Nc5 Bxc5 19. Rxc5 Rfe8 20. Rd1 b6 21. Rcc1 c5 22. Nf5 Red8 23. f4 Nc6 24. Nd6 Rab8 25. Be4 Kf8 26. Rd2 Na5 27. Rcd1 Bc6 28. Bc2 Nb7 29. e4 Nxd6 30. Rxd6 Rxd6 31. Rxd6 Be8 32. Kf2 Ke7 33. Rd2 Rd8 34. Rxd8 Kxd8 35. e5 Bc6 36. g4 Bd5 37. b3 f6 38. exf6 gxf6 39. Ke3 Ke7 40. h4 Kd6 41. Bd3 Be6 42. f5 Bd5 43. Kf4 Ke7 44. g5 hxg5+ 45. hxg5 a5 46. g6 a4 47. Bc4 axb3 48. Bxd5 b2 49. Be4 c4 50. Ke3 c3 51. Bc2 b5 52. a3 Kf8 53. Kd3 Kg7 54. Kxc3 1-0

[Event "FIDE Online Quarter final-2020"]
[Site "Online"]
[Date "2020.08.28"]
[Round "4.2"]
[White "Abrahamyan, Tatev"]
[Black "Gaponenko, Inna"]
[Result "0-1"]
[ECO "B79"]
[WhiteElo "2245"]
[BlackElo "2330"]
[Annotator "NA"]
[PlyCount "98"]
[EventDate "2020.08.28"]
[EventType "k.o."]
[SourceTitle "playchess.com"]
[Source "ChessBase"]
[SourceQuality "1"]
[TimeControl "900+5"]

1. e4 c5 2. Nf3 Nc6 3. d4 cxd4 4. Nxd4 g6 5. Nc3 Bg7 6. Be3 Nf6 7. Bc4 O-O 8. Bb3 d6 9. f3 Bd7 10. h4 Qa5 11. Qd2 Rfc8 12. h5 Nxh5 13. g4 Nf6 14. O-O-O Ne5 15. Bh6 Bxh6 16. Rxh6 Rxc3 17. Qxc3 Qxc3 18. bxc3 Rc8 19. Kb2 Kg7 20. Rh2 a5 21. a4 Be8 22. g5 Nh5 23. Rdh1 Bd7 24. Rh4 Nc4+ 25. Kc1 Ne5 26. f4 Ng4 27. f5 Ne5 28. Kb2 f6 29. gxf6+ Nxf6 30. Be6 h5 31. Bxd7 Nexd7 32. Ne6+ Kf7 33. Rg1 Ne5 34. Rh3 Nxe4 35. Ng5+ Nxg5 36. Rxg5 Kf6 37. Rhg3 gxf5 38. Rxh5 f4 39. Rg1 f3 40. Rf1 Rc4 41. Kb3 Rf4 42. Rh8 Kf7 43. Rh7+ Ke6 44. Rh8 f2 45. Rh2 Ng4 46. Rg2 Kf5 47. c4 e5 48. Kc3 Ne3 49. Rfxf2 Nd1+ 0-1

[Event "FIDE Online Quarter final-2020"]
[Site "Online"]
[Date "2020.08.29"]
[Round "4.2"]
[White "Balajayeva, Khanim"]
[Black "Sliwicka, Alicja"]
[Result "0-1"]
[ECO "B50"]
[WhiteElo "2202"]
[BlackElo "2158"]
[Annotator "ChessBase"]
[PlyCount "98"]
[EventDate "2020.08.28"]
[EventType "k.o."]
[SourceTitle "playchess.com"]
[Source "ChessBase"]
[SourceQuality "1"]
[TimeControl "900+5"]

1. e4 c5 2. Nf3 d6 3. c3 Nf6 4. Bd3 Bg4 5. Bc2 Nc6 6. h3 Bh5 7. d3 e6 8. Nbd2 Be7 9. Nf1 d5 10. Ng3 Bxf3 11. Qxf3 Ne5 12. Qe2 dxe4 13. dxe4 h5 14. Ba4+ Kf8 15. Bc2 c4 16. O-O h4 17. Rd1 Qc7 18. Nf1 Ng6 19. a4 Rc8 20. a5 Rh5 21. a6 b6 22. Be3 Bd6 23. Rd4 Be5 24. Rd2 Nf4 25. Bxf4 Bxf4 26. Ne3 Rc5 27. Rad1 Qe7 28. Qf3 g5 29. Rd4 Kg7 30. Ng4 R5c7 31. Nxf6 Qxf6 32. Qg4 Qe5 33. Rd8 Qf6 34. Rxc8 Rxc8 35. Qe2 b5 36. Rd7 Rc7 37. Qd1 Be5 38. Rd8 b4 39. cxb4 Bxb2 40. b5 Be5 41. Kf1 c3 42. Ra8 Bd4 43. Qe2 Rd7 44. e5 Qf4 45. f3 Qc1+ 46. Qd1 Qe3 47. Qe1 Qg1+ 48. Ke2 Qxg2+ 49. Kd3 Bf2+ 0-1